 Dungeon Crawl Stone Soup version 0.25-a0-316-gd28d56f9c5 (webtiles) character file.

Game seed: 14661377924030848288, levelgen mode: classic

11098 Borgoz the Basher (level 11, -1/72 HPs)
             Began as a Gargoyle Berserker on Dec 25, 2019.
             Was an Elder of Trog.
             Slain by Snorg (10 damage)
             ... on level 10 of the Dungeon.
             The game lasted 00:16:50 (9173 turns).

Borgoz the Basher (Gargoyle Berserker)              Turns: 9173, Time: 00:16:51

Health: -1/72      AC: 23    Str: 25    XL:     11   Next: 72%
Magic:  3/3        EV: 12    Int:  8    God:    Trog [****..]
Gold:   534        SH:  0    Dex: 12    Spells: 10/10 levels left

rFire    . . .     SeeInvis .   a - +3 dire flail (antimagic)
rCold    + . .     Gourm    +   (shield currently unavailable)
rNeg     + . .     Faith    .   f - +0 chain mail
rPois    ∞         Spirit   .   x - +0 helmet
rElec    +         Reflect  .   (no cloak)
rCorr    .         Harm     .   D - +0 pair of gloves
MR       .....                  K - +0 pair of boots
Stlth    ..........             L - amulet of the gourmand
HPRegen  0.22/turn              w - ring of protection from cold
MPRegen  0.08/turn              H - +4 ring of strength

@: no status effects
A: negative energy resistance 1, electricity resistance, unbreathing,
petrification resistance, rot immunity, AC +8
a: Berserk, Trog's Hand, Brothers in Arms, Renounce Religion


You were on level 10 of the Dungeon.
You worshipped Trog.
Trog was greatly pleased with you.
You were very full.

You visited 1 branch of the dungeon, and saw 10 of its levels.
You also visited: Ossuary.

You collected 611 gold pieces.
You spent 77 gold pieces at shops.

Inventory:

Hand Weapons
 a - a +3 antimagic dire flail (weapon)
 b - a +0 whip of electrocution
 I - the +8 long sword "Sarcophage" {freeze, +Blink MR- Int+7}
   (You found it on level 7 of the Dungeon)

   It has been specially enchanted to freeze those struck by it, causing extra
   injury to most foes and up to half again as much damage against particularly
   susceptible opponents.
   It can also slow down cold-blooded creatures.
   It affects your intelligence (+7).
   It affects your resistance to hostile enchantments.
   It lets you blink.
Armour
 f - a +0 chain mail (worn)
 x - a +0 helmet (worn)
 D - a +0 pair of gloves (worn)
 K - a +0 pair of boots (worn)
 N - a scarf of cloud immunity
Jewellery
 m - an uncursed ring of fire
 w - a ring of protection from cold (left hand)
 z - an uncursed amulet of regeneration
 H - a +4 ring of strength (right hand)
 L - an amulet of the gourmand (around neck)
Wands
 A - a wand of disintegration (12)
 G - a wand of paralysis (10)
 J - a wand of flame (22)
Scrolls
 g - 4 scrolls of enchant armour {unknown}
 i - 2 scrolls of enchant weapon {unknown}
 j - 5 scrolls of remove curse
 l - 6 scrolls of teleportation {unknown}
 n - 3 scrolls of amnesia {unknown}
 s - 4 scrolls of random uselessness {unknown}
 v - 3 scrolls of holy word {unknown}
 y - 3 scrolls of fog {unknown}
 C - a scroll of blinking {unknown}
 E - 2 scrolls of magic mapping
 F - a scroll of vulnerability {unknown}
 O - a scroll of acquirement {unknown}
Potions
 d - a potion of berserk rage
 e - 2 potions of heal wounds {unknown}
 h - 3 potions of cancellation
 k - 11 potions of curing {unknown}
 o - 2 potions of might {unknown}
 p - a potion of magic {unknown}
 q - a potion of mutation
 r - 2 potions of ambrosia {unknown}
 t - 5 potions of flight
 u - 2 potions of haste
 B - 3 potions of lignification
Comestibles
 c - 17 rations


   Skills:
 + Level 9.8 Fighting
 + Level 11.4 Maces & Flails
 + Level 9.5 Armour
 + Level 7.2 Dodging


You had 10 spell levels left.
You didn't know any spells.
Your spell library was empty.

Dungeon Overview and Level Annotations

Branches:
Dungeon (10/15)            Temple (0/1) D:6            Lair (0/6) D:10
    Orc (0/2) D:9         Ossuary (visited)

Altars:
Cheibriados
Elyvilon
Fedhas
Makhleb
Nemelex Xobeh
Okawaru
Qazlal
Ru
Trog
Uskayaw
Wu Jian
Xom
Yredelemnul
Zin
The Shining One
Beogh

Shops:
D:4 *   D:5 [   D:6 *

Annotations:
D:10 Snorg


Innate Abilities, Weirdness & Mutations

You are resistant to torment.
Your stone body is resilient. (AC +8)
You are immune to poison.
You resist negative energy. (rN+)
You are resistant to electric shocks. (rElec)
You can survive without breathing.
You are immune to petrification.
You are immune to rotting.


Message History

You are too injured to fight recklessly!
You are too injured to fight recklessly!
You are too injured to fight recklessly!
You are too injured to fight recklessly!
You are too injured to fight recklessly!
You are too injured to fight recklessly!
You are too injured to fight recklessly!
You are too injured to fight recklessly!
Your chain mail prevents you from hitting Snorg.
Snorg is severely wounded.
Snorg bites you! Snorg closely misses you. Snorg claws you but does no damage.
You hit Snorg.
Snorg is almost dead.
Snorg bites you but does no damage. Snorg claws you but does no damage. x2
You closely miss Snorg.
Snorg is severely wounded.
Snorg bites you!
* * * LOW HITPOINT WARNING * * *
Snorg claws you!
You die...

.......# #...# .# #####..#
#...# .# #..# #...# ..# #..#
#..># ##>.# #####..# #...#
....#
.......########...###.#..###
.................#..........
............................
................@T..........
.###....##..................
.# #....##..........#..>....
.# #....##.......#..........
.# #....##..................
.# ##...##..................
.# #...##........#.#.......
.# #...##............###.#
.####..)##.............^..#


You could see Snorg (berserk).

Vanquished Creatures
  Erolcha (D:10)
  5 death yaks
  Pikel (D:7)
  The ghost of Borgoz the Slasher, a novice MiBe of Trog (D:6)
  The ghost of floatRand the Ducker, a novice OgGl (D:5)
  A troll (D:10)
  3 hippogriffs
  A spriggan (D:7)
  A wyvern (D:8)
  Menkaure (D:7)
  A water moccasin (D:6)
  Duvessa (D:6)
  4 sky beasts
  A slave (D:7)
  4 orc warriors
  An ice beast (D:7)
  2 necrophages
  A phantom (D:5)
  7 ogres
  2 centaurs (D:5)
  An elf zombie (D:4)
  3 bullfrogs
  3 water moccasin zombies (Ossuary)
  Dowan (D:6)
  13 scorpions
  5 wights (D:6)
  A howler monkey (D:4)
  7 crimson imps
  7 hounds
  3 jellies
  6 orc priests
  8 orc wizards
  Jessica (D:2)
  An iguana (D:2)
  4 human skeletons (D:4)
  Natasha (thrice) (D:2)
  2 worker ants
  A killer bee zombie (D:7)
  2 big kobold zombies (Ossuary)
  A hound zombie (D:7)
  2 mummies (Ossuary)
  2 hound skeletons
  2 howler monkey skeletons
  8 gnolls
  16 adders
  A shadow imp (D:8)
  2 oozes
  6 adder zombies
  An adder skeleton (D:10)
  2 worms
  4 dart slugs
  9 leopard geckos
  40 orcs
  3 giant cockroaches
  2 gnoll zombies (Ossuary)
  6 goblins
  6 hobgoblins
  9 jackals
  5 kobolds
  6 quokkas
  3 ball pythons
  17 bats
  5 frilled lizards
  3 hobgoblin zombies (Ossuary)
  A jackal skeleton (D:7)
  4 kobold zombies (Ossuary)
  8 orc zombies
  A quokka skeleton (D:4)
  A quokka zombie (D:8)
  10 rats
  A fungus (D:6)
299 creatures vanquished.

Vanquished Creatures (others)
  A black bear (D:7)
  A centaur zombie (D:7)
  3 orcs
  2 withered plants (D:6)
7 creatures vanquished.

Grand Total: 306 creatures vanquished

Notes
Turn   | Place    | Note
-------+----------+-------------------------------------------
     0 | D:1      | Borgoz the Gargoyle Berserker began the quest for the Orb.
     0 | D:1      | Reached XP level 1. HP: 14/14 MP: 1/1
    91 | D:1      | Reached XP level 2. HP: 19/19 MP: 2/2
   653 | D:2      | Noticed Natasha
   657 | D:2      | Noticed a crimson imp
   665 | D:2      | Killed Natasha
   665 | D:2      | Reached XP level 3. HP: 15/24 MP: 3/3
   743 | D:2      | Found a white marble altar of Elyvilon.
   801 | D:2      | Noticed Natasha
   805 | D:2      | Reached ** piety under Trog
   810 | D:2      | Killed Natasha
   810 | D:2      | Reached XP level 4. HP: 29/29 MP: 4/4
   817 | D:2      | Reached skill level 4 in Maces & Flails
   857 | D:2      | Noticed Natasha
   869 | D:2      | Reached XP level 5. HP: 18/33 MP: 5/5
   872 | D:2      | Killed Natasha
  1047 | D:2      | Noticed Jessica
  1058 | D:2      | Killed Jessica
  1540 | D:3      | Reached XP level 6. HP: 28/38 MP: 6/6
  1697 | D:3      | Reached *** piety under Trog
  1839 | D:3      | Reached skill level 5 in Maces & Flails
  1884 | D:3      | Found a shimmering altar of Xom.
  1885 | D:3      | Found a burning altar of Makhleb.
  2054 | D:4      | Found Jihups's General Store.
  2069 | D:4      | Bought a scroll of identify for 22 gold pieces
  2069 | D:4      | Bought a scroll of identify for 22 gold pieces
  2069 | D:4      | Bought a scroll of remove curse for 33 gold pieces
  2120 | D:4      | Reached XP level 7. HP: 6/44 MP: 7/7
  2451 | D:4      | Reached skill level 5 in Fighting
  2511 | D:4      | Found a sand-covered staircase.
  2536 | Ossuary  | Entered an ossuary
  2665 | Ossuary  | Reached skill level 6 in Maces & Flails
  2786 | Ossuary  | Reached XP level 8. HP: 30/49 MP: 8/8
  2964 | Ossuary  | Reached **** piety under Trog
  3293 | D:4      | Found a blossoming altar of Fedhas.
  3304 | D:4      | Reached skill level 5 in Armour
  3692 | D:5      | Entered Level 5 of the Dungeon
  3766 | D:5      | Reached skill level 7 in Maces & Flails
  3929 | D:5      | Found a runed translucent door.
  3931 | D:5      | Noticed floatRand's ghost (novice OgGl)
  4101 | D:5      | Found a sacrificial altar of Ru.
  4126 | D:5      | Reached XP level 9. HP: 55/55 MP: 9/9
  4127 | D:5      | Found a snail-covered altar of Cheibriados.
  4266 | D:5      | Found a basalt altar of Yredelemnul.
  4307 | D:5      | Found a glowing golden altar of the Shining One.
  4309 | D:5      | Noticed an angel
  4337 | D:5      | Found Ycler's Antique Armour Boutique.
  4482 | D:5      | Reached skill level 8 in Maces & Flails
  4502 | D:5      | Killed floatRand's ghost
  4587 | D:6      | Found a runed translucent door.
  4587 | D:6      | Noticed Borgoz's ghost (novice MiBe)
  4859 | D:6      | Found a staircase to the Ecumenical Temple.
  4911 | D:6      | Reached skill level 5 in Dodging
  5103 | D:6      | Noticed Duvessa
  5103 | D:6      | Noticed Dowan
  5119 | D:6      | Killed Duvessa
  5119 | D:6      | Reached skill level 9 in Maces & Flails
  5122 | D:6      | Killed Dowan
  5282 | D:6      | Found Rareto's Serpentskin Sales.
  5336 | D:6      | Reached ***** piety under Trog
  5336 | D:6      | Received a gift from Trog
  5354 | D:6      | Reached XP level 10. HP: 62/63 MP: 10/10
  5706 | D:6      | Killed Borgoz's ghost
  5805 | D:7      | Noticed Menkaure
  5809 | D:7      | Noticed Pikel
  5843 | D:7      | Killed Pikel
  5843 | D:7      | Reached skill level 10 in Maces & Flails
  5849 | D:7      | Killed Menkaure
  5895 | D:7      | Found an iron altar of Okawaru.
  6183 | D:7      | Got a translucent long sword
  6184 | D:7      | Identified the +8 long sword "Sarcophage" {freeze, +Blink
                  | MR- Int+7} (You found it on level 7 of the Dungeon)
  6620 | D:8      | Found a sparkling altar of Nemelex Xobeh.
  6713 | D:8      | Found an ornate altar of the Wu Jian Council.
  6758 | D:8      | Found a bloodstained altar of Trog.
  6758 | D:8      | Found a stormy altar of Qazlal.
  6899 | D:8      | Received a gift from Trog
  7232 | D:7      | Found a glowing silver altar of Zin.
  7450 | D:9      | Noticed a +0 dagger
  7451 | D:9      | Found a hide-covered altar of Uskayaw.
  7451 | D:9      | Noticed a +0 dagger
  7711 | D:9      | Found a roughly hewn altar of Beogh.
  7711 | D:9      | Found a staircase to the Orcish Mines.
  7869 | D:9      | Reached XP level 11. HP: 53/69 MP: 3/11
  7954 | D:10     | Entered Level 10 of the Dungeon
  8149 | D:10     | Noticed Erolcha
  8157 | D:10     | Killed Erolcha
  8166 | D:10     | Reached skill level 11 in Maces & Flails
  8394 | D:10     | Noticed Snorg
  8395 | D:10     | Noticed a death yak
  8395 | D:10     | Noticed a death yak
  8396 | D:10     | Noticed a death yak
  8406 | D:10     | Noticed a death yak
  8406 | D:10     | Noticed a death yak
  8420 | D:10     | Killed a death yak
  8428 | D:10     | Killed a death yak
  8480 | D:9      | Killed a death yak
  8771 | D:10     | Found a staircase to the Lair.
  8983 | D:10     | Killed a death yak
  8996 | D:10     | Killed a death yak
  9173 | D:10     | Slain by Snorg

Levels and vault maps discovered:
D:1:      dpeg_arrival_short_road, layout_loops_ring, moated_statue
D:2:      minmay_chambers_of_twos, layout_rooms, elyvilon_altar_3, uniq_jessica,
          uniq_natasha
D:3:      layout_rooms, grunt_temple_overflow_champion_of_chaos,
          serial_park_tiny_2
D:4:      layout_loops_ring, fedhas_altar_1, nicolae_ossuary_entry_catacombs,
          serial_shops, nicolae_shop_stone, first_ration
D:5:      layout_gridville, grunt_temple_overflow_holy_war,
          overflow_temple_1_default, nicolae_ru_great_annihilating_truth,
          ebering_ghost_inner_flame, serial_shops, nicolae_shop_waterfront
D:6:      old_forge, layout_loops_ring, minmay_temple_entry_waves,
          gammafunk_ghost_grave, kennysheep_cross_bottleneck, solitary_fountain,
          guppyfry_shop_venom, uniq_duvessa
D:7:      layout_loops_ring, okawaru_ov_weapons_minmay,
          nicolae_overflow_hidden_temple, the_bakery, uniq_menkaure, uniq_pikel
D:8:      layout_basic, kennysheep_mini_moat, grunt_temple_overflow_open,
          nemelex_diamond_rough_becter
D:9:      layout_roguey, dancing_weapons_uskayaw, david_orc_5
D:10:     layout_small_grid, dpeg_lair_monsters, minmay_hedge_maze, uniq_snorg,
          uniq_erolcha

Skill      XL: |  1  2  3  4  5  6  7  8  9 10 11 |
---------------+----------------------------------+-----
Dodging        | 2 3 4 5 6 7 |  7.2
Maces & Flails | 4 5 6 7 9 10 11 | 11.4
Armour         | 3 4 5 7 8 9 |  9.5
Fighting       | 4 5 6 7 8 9 |  9.8

Action                   |  1- 3 |  4- 6 |  7- 9 | 10-12 || total
-------------------------+-------+-------+-------+-------++-------
Melee: Mace              |    22 |       |       |       ||    22
       Whip              |    46 |   177 |   626 |    14 ||   863
       Dire flail        |       |       |       |   437 ||   437
Invok: Berserk           |       |     1 |       |     2 ||     3
       Trog's Hand       |       |       |     1 |     1 ||     2
  Use: Scroll            |       |     2 |     4 |     1 ||     7
 Stab: Sleeping          |     1 |       |       |       ||     1
       Paralysed         |       |       |     1 |       ||     1
       Held in net/web   |       |       |       |     2 ||     2
       Distracted        |       |       |       |     1 ||     1
  Eat: Chunk             |       |     5 |     8 |    28 ||    41
       Ration            |       |       |     1 |       ||     1
Armor: Chain mail        |    34 |    91 |   278 |   240 ||   643
Dodge: Dodged            |    25 |    70 |   228 |   209 ||   532

Table legend:
 A = Non-vault XP
 B = Vault XP
 C = Vault XP percentage of total XP
 D = Non-vault monster count
 E = Vault monster count
 F = Vault count percentage of total count
                 A         B        C        D         E       F
            +---------+---------+-------+---------+---------+-------
      Total |    6456 |    9399 |  59.3 |     195 |     102 |  34.3
            +---------+---------+-------+---------+---------+-------
        D:1 |      32 |       0 |   0.0 |      16 |       0 |   0.0
        D:2 |     149 |      93 |  38.4 |      20 |       9 |  31.0
        D:3 |     165 |      50 |  23.3 |      25 |       1 |   3.8
        D:4 |     480 |     232 |  32.6 |      20 |       6 |  23.1
        D:5 |    1053 |     593 |  36.0 |      15 |       6 |  28.6
        D:6 |     912 |    1436 |  61.2 |      19 |      22 |  53.7
        D:7 |     661 |     803 |  54.8 |      22 |       3 |  12.0
        D:8 |     869 |       0 |   0.0 |      19 |       0 |   0.0
        D:9 |    1042 |    1374 |  56.9 |      19 |      22 |  53.7
       D:10 |    1093 |    4457 |  80.3 |      20 |       5 |  20.0
    Ossuary |       0 |     361 | 100.0 |       0 |      28 | 100.0
            +---------+---------+-------+---------+---------+-------
